| TOP OF THE 1ST |
|
Auburn Doubledays batting - Pitching for State College Spikes : RHP Marcos Vergara
|
|
Pitching: RHP Marcos Vergara
|
|
|
Batting: RHB Bobby Bricker
|
0-0: Called Strike 0-1: Reached on error, E6 (Groundball, 6, EV 84.4 MPH)
|
|
Batting: RHB Marcus Dawson
|
0-0: Ball 1-0: Ball 2-0: Called Strike 2-1: Ball 3-1: Called Strike 3-2: Foul Ball, location: 2F 3-2: Strikes out swinging
|
|
Batting: LHB John Luke
|
0-0: Fly out, F8 (Flyball, 8LD, EV 98.1 MPH) Runner from 2nd tags up, SAFE at 3rd with throw by CF
|
|
Batting: SHB Curtis DeLille
|
0-0: Ball 1-0: Ball 2-0: Foul Ball, location: 2F Balk! Bobby Bricker scores 2-1: Fly out, F9 (Flyball, 9D, EV 83.1 MPH)
|
| Top of the 1st over - 1 run, 0 hits, 1 error, 0 left on base; Auburn 1 - State College 0 |
| BOTTOM OF THE 1ST |
|
State College Spikes batting - Pitching for Auburn Doubledays : RHP Josh Wellman
|
|
Pitching: RHP Josh Wellman
|
|
|
Batting: SHB Hank Arias
|
0-0: Ball 1-0: Foul Ball, location: 2F 1-1: Foul Ball, location: 2F 1-2: Ground out 6-3 (Groundball, 6, EV 96.2 MPH)
|
|
Batting: RHB Richard Riggs
|
0-0: DOUBLE (Line Drive, 78M, EV 110.0 MPH)
|
|
Batting: RHB Kalidas Mishra
|
0-0: Ball 1-0: Fly out, F9 (Flyball, 9D, EV 97.5 MPH)
|
|
Batting: LHB Travis Ruppel
|
0-0: Ball 1-0: Swinging Strike 1-1: Ball 2-1: Foul Ball, location: 2F 2-2: Ball 3-2: Strikes out swinging
|
| Bottom of the 1st over - 0 runs, 1 hit, 0 errors, 1 left on base; Auburn 1 - State College 0 |
| TOP OF THE 2ND |
|
Auburn Doubledays batting - Pitching for State College Spikes : RHP Marcos Vergara
|
|
Batting: RHB Gabe Almazan
|
0-0: Ball 1-0: Swinging Strike 1-1: Ball 2-1: Ball 3-1: Base on Balls
|
|
Batting: RHB Tony Madrigal
|
0-0: Ball 1-0: Reached on error, E1 (Groundball, 13S, EV 69.4 MPH) Gabe Almazan to second
|
|
Batting: LHB Yoshiya Kurokawa
|
0-0: Called Strike 0-1: Foul Ball, location: 2F 0-2: Foul Ball, location: 2F 0-2: Ball 1-2: Ball 2-2: Fielders Choice at 2nd, 6-4 (Groundball, 6, EV 82.5 MPH) Gabe Almazan to third
|
|
Batting: LHB Adam Jacobs
|
0-0: Ball 1-0: Ball 2-0: Ball 3-0: Called Strike 3-1: Base on Balls Yoshiya Kurokawa to second
|
|
Batting: RHB Jelexiz Cuenca
|
0-0: Ball 1-0: Swinging Strike 1-1: Swinging Strike 1-2: Fielders Choice at 2nd, 4-6 (Groundball, 4, EV 87.5 MPH) Gabe Almazan scores Yoshiya Kurokawa to third
|
|
Batting: RHB Bobby Bricker
|
0-0: Ball 1-0: Ball 2-0: SINGLE (Flyball, 34D, EV 93.1 MPH) Yoshiya Kurokawa scores Jelexiz Cuenca to second Runner from 2nd tries for 3rd, SAFE, throw by RF made to third
|
|
Batting: RHB Marcus Dawson
|
0-0: Ball 1-0: Foul Ball, location: 2F 1-1: Called Strike 1-2: Fly out, F7 (Line Drive, 7LM, EV 85.0 MPH)
|
| Top of the 2nd over - 2 runs, 1 hit, 1 error, 2 left on base; Auburn 3 - State College 0 |
| BOTTOM OF THE 2ND |
|
State College Spikes batting - Pitching for Auburn Doubledays : RHP Josh Wellman
|
|
Batting: RHB Tommy Tracy
|
0-0: Swinging Strike 0-1: Foul Ball, location: 2F 0-2: Strikes out swinging
|
|
Batting: LHB Keith Rice
|
0-0: Ground out 4-3 (Groundball, 4, EV 81.9 MPH)
|
|
Batting: RHB Robby Hickman
|
0-0: Foul Ball, location: 2F 0-1: Ball 1-1: Swinging Strike 1-2: Fly out, F8 (Flyball, 8LD, EV 93.8 MPH)
|
| Bottom of the 2nd over - 0 runs, 0 hits, 0 errors, 0 left on base; Auburn 3 - State College 0 |
| TOP OF THE 3RD |
|
Auburn Doubledays batting - Pitching for State College Spikes : RHP Marcos Vergara
|
|
Batting: LHB John Luke
|
0-0: Ball 1-0: Ball 2-0: Called Strike 2-1: Ball 3-1: Swinging Strike 3-2: Strikes out looking
|
|
Batting: SHB Curtis DeLille
|
0-0: Ball 1-0: Ball 2-0: Ball 3-0: Base on Balls
|
|
Batting: RHB Gabe Almazan
|
0-0: Ball 1-0: Foul Ball, location: 2F 1-1: Swinging Strike 1-2: Strikes out swinging
|
|
Batting: RHB Tony Madrigal
|
0-0: Called Strike 0-1: Foul Ball, location: 2F 0-2: Strikes out looking
|
| Top of the 3rd over - 0 runs, 0 hits, 0 errors, 1 left on base; Auburn 3 - State College 0 |
| BOTTOM OF THE 3RD |
|
State College Spikes batting - Pitching for Auburn Doubledays : RHP Josh Wellman
|
|
Batting: SHB Gerardo Macias
|
0-0: Foul Ball, location: 2F 0-1: Called Strike 0-2: Foul Ball, location: 2F 0-2: Ball 1-2: Ball 2-2: Strikes out swinging
|
|
Batting: RHB Ben Politi
|
0-0: Ground out 6-3 (Groundball, 6, EV 107.5 MPH)
|
|
Batting: SHB Hank Arias
|
0-0: Ball 1-0: DOUBLE (Groundball, 3L, EV 101.9 MPH)
|
|
Batting: RHB Richard Riggs
|
0-0: Foul Ball, location: 2F 0-1: Ground out 6-3 (Groundball, 6, EV 100.6 MPH)
|
| Bottom of the 3rd over - 0 runs, 1 hit, 0 errors, 1 left on base; Auburn 3 - State College 0 |
| TOP OF THE 4TH |
|
Auburn Doubledays batting - Pitching for State College Spikes : RHP Marcos Vergara
|
|
Batting: LHB Yoshiya Kurokawa
|
0-0: Swinging Strike 0-1: Called Strike 0-2: Strikes out swinging
|
|
Batting: LHB Adam Jacobs
|
0-0: Ball 1-0: Foul Ball, location: 2F 1-1: Ball 2-1: Swinging Strike 2-2: Ball 3-2: Base on Balls
|
|
Batting: RHB Jelexiz Cuenca
|
0-0: Called Strike 0-1: Ball 1-1: Called Strike 1-2: Ball Wild Pitch! Adam Jacobs to second 2-2: Strikes out swinging
|
|
Batting: RHB Bobby Bricker
|
0-0: Ball 1-0: Foul Ball, location: 2F 1-1: Called Strike 1-2: Strikes out swinging
|
| Top of the 4th over - 0 runs, 0 hits, 0 errors, 1 left on base; Auburn 3 - State College 0 |
| BOTTOM OF THE 4TH |
|
State College Spikes batting - Pitching for Auburn Doubledays : RHP Josh Wellman
|
|
Batting: RHB Kalidas Mishra
|
0-0: Ball 1-0: SINGLE (Groundball, 34D, EV 106.2 MPH)
|
|
Batting: LHB Travis Ruppel
|
0-0: Foul Ball, location: 2F 0-1: Fly out, F7 (Line Drive, 7S, EV 88.8 MPH)
|
|
Batting: RHB Tommy Tracy
|
0-0: Called Strike 0-1: Ball 1-1: Foul Ball, location: 2F 1-2: SINGLE (Groundball, 56D, EV 103.1 MPH) Kalidas Mishra to second
|
|
Batting: LHB Keith Rice
|
0-0: Foul Ball, location: 2F 0-1: Ball 1-1: Grounds into double play, 4-6-3 (Groundball, 34, EV 86.9 MPH)
|
| Bottom of the 4th over - 0 runs, 2 hits, 0 errors, 1 left on base; Auburn 3 - State College 0 |
| TOP OF THE 5TH |
|
Auburn Doubledays batting - Pitching for State College Spikes : RHP Marcos Vergara
|
|
Pitching: RHP Joe Cornell
|
|
|
Batting: RHB Marcus Dawson
|
0-0: Ball 1-0: Ground out 4-3 (Groundball, 4S, EV 79.4 MPH)
|
|
Batting: LHB John Luke
|
0-0: Ball 1-0: Ball 2-0: Called Strike 2-1: Called Strike 2-2: Ground out 4-3 (Groundball, 4D, EV 108.8 MPH)
|
|
Batting: SHB Curtis DeLille
|
0-0: Ball 1-0: Ball 2-0: Called Strike 2-1: Foul Ball, location: 2F 2-2: Ground out 6-3 (Groundball, 6D, EV 85.6 MPH)
|
| Top of the 5th over - 0 runs, 0 hits, 0 errors, 0 left on base; Auburn 3 - State College 0 |
| BOTTOM OF THE 5TH |
|
State College Spikes batting - Pitching for Auburn Doubledays : RHP Josh Wellman
|
|
Batting: RHB Robby Hickman
|
0-0: Called Strike 0-1: Ball 1-1: Swinging Strike 1-2: Ball 2-2: Strikes out swinging
|
|
Batting: SHB Gerardo Macias
|
0-0: Foul Ball, location: 2F 0-1: Ball 1-1: Foul Ball, location: 2F 1-2: Ball 2-2: Strikes out swinging
|
|
Batting: RHB Ben Politi
|
0-0: Foul Ball, location: 2F 0-1: Swinging Strike 0-2: Strikes out swinging
|
| Bottom of the 5th over - 0 runs, 0 hits, 0 errors, 0 left on base; Auburn 3 - State College 0 |
| TOP OF THE 6TH |
|
Auburn Doubledays batting - Pitching for State College Spikes : RHP Joe Cornell
|
|
Batting: RHB Gabe Almazan
|
0-0: Ball 1-0: Foul Ball, location: 2F 1-1: Ball 2-1: Ball 3-1: Base on Balls
|
|
Batting: RHB Tony Madrigal
|
0-0: Called Strike 0-1: Ball 1-1: Called Strike 1-2: Strikes out swinging
|
|
Batting: LHB Yoshiya Kurokawa
|
0-0: Ball 1-0: Ball 2-0: Ball 3-0: Base on Balls Gabe Almazan to second
|
|
Batting: LHB Adam Jacobs
|
0-0: Called Strike 0-1: Ball 1-1: Foul Ball, location: 2F 1-2: Fly out, F9 (Flyball, 9S, EV 82.5 MPH)
|
|
Batting: RHB Jelexiz Cuenca
|
0-0: Ball 1-0: Ball 2-0: Called Strike 2-1: Swinging Strike 2-2: Strikes out swinging
|
| Top of the 6th over - 0 runs, 0 hits, 0 errors, 2 left on base; Auburn 3 - State College 0 |
| BOTTOM OF THE 6TH |
|
State College Spikes batting - Pitching for Auburn Doubledays : RHP Josh Wellman
|
|
Batting: SHB Hank Arias
|
0-0: Called Strike 0-1: Fly out, F9 (Flyball, 9D, EV 100.6 MPH)
|
|
Batting: RHB Richard Riggs
|
0-0: Ball 1-0: Ground out 4-3 (Groundball, 4, EV 103.8 MPH)
|
|
Batting: RHB Kalidas Mishra
|
0-0: Swinging Strike 0-1: Ball 1-1: Swinging Strike 1-2: Foul Ball, location: 2F 1-2: SOLO HOME RUN (Flyball, 7D, EV 108.1 MPH), Distance : 403 ft
|
|
Batting: LHB Travis Ruppel
|
0-0: Called Strike 0-1: Ball 1-1: Ball 2-1: Called Strike 2-2: Ball 3-2: Strikes out swinging
|
| Bottom of the 6th over - 1 run, 1 hit, 0 errors, 0 left on base; Auburn 3 - State College 1 |
| TOP OF THE 7TH |
|
Auburn Doubledays batting - Pitching for State College Spikes : RHP Joe Cornell
|
|
Pitching: RHP Jason Meade
|
|
|
Batting: RHB Bobby Bricker
|
0-0: Ball 1-0: Ball 2-0: Ground out 5-3 (Groundball, 5, EV 83.1 MPH)
|
|
Batting: RHB Marcus Dawson
|
0-0: Ball 1-0: Ball 2-0: Ball 3-0: Called Strike 3-1: Foul Ball, location: 2F 3-2: Base on Balls
|
|
Batting: LHB John Luke
|
0-0: Ball 1-0: SINGLE (Line Drive, 78M, EV 91.9 MPH) Marcus Dawson to second
|
|
Batting: SHB Curtis DeLille
|
0-0: Swinging Strike 0-1: Ball 1-1: Swinging Strike 1-2: Ball 2-2: Strikes out swinging
|
|
Batting: RHB Gabe Almazan
|
0-0: Ball 1-0: Ball 2-0: Ball 3-0: Base on Balls Marcus Dawson to third John Luke to second
|
|
Batting: RHB Tony Madrigal
|
0-0: Ball 1-0: Swinging Strike 1-1: Swinging Strike 1-2: Ground out 4-3 (Groundball, 4, EV 106.9 MPH)
|
| Top of the 7th over - 0 runs, 1 hit, 0 errors, 3 left on base; Auburn 3 - State College 1 |
| BOTTOM OF THE 7TH |
|
State College Spikes batting - Pitching for Auburn Doubledays : RHP Josh Wellman
|
|
Batting: RHB Tommy Tracy
|
0-0: Called Strike 0-1: Ground out 6-3 (Groundball, 6, EV 89.4 MPH)
|
|
Batting: LHB Keith Rice
|
0-0: Ball 1-0: Ball 2-0: Ball 3-0: Base on Balls
|
|
Pitching: LHP Gregg Huddleston
|
|
|
Batting: RHB Robby Hickman
|
0-0: Called Strike 0-1: Called Strike 0-2: Foul Ball, location: 2F 0-2: Ball 1-2: Strikes out swinging
|
|
Batting: SHB Gerardo Macias
|
0-0: Called Strike 0-1: Ball 1-1: Swinging Strike 1-2: Foul Ball, location: 2F 1-2: Ball 2-2: Ball 3-2: Foul Ball, location: 2F 3-2: Foul Ball, location: 2F 3-2: Base on Balls Keith Rice to second
|
|
Batting: RHB Ben Politi
|
0-0: Swinging Strike 0-1: Ball 1-1: Ball 2-1: Swinging Strike 2-2: Foul Ball, location: 2F 2-2: Strikes out swinging
|
| Bottom of the 7th over - 0 runs, 0 hits, 0 errors, 2 left on base; Auburn 3 - State College 1 |
| TOP OF THE 8TH |
|
Auburn Doubledays batting - Pitching for State College Spikes : RHP Jason Meade
|
|
Pitching: LHP Kevin Turner
|
|
|
Batting: LHB Yoshiya Kurokawa
|
0-0: Ball 1-0: Called Strike 1-1: Called Strike 1-2: Foul Ball, location: 2F 1-2: Ball 2-2: Strikes out swinging
|
|
Batting: LHB Adam Jacobs
|
0-0: Foul Ball, location: 2F 0-1: Called Strike 0-2: Ball 1-2: Strikes out looking
|
|
Batting: RHB Jelexiz Cuenca
|
0-0: Called Strike 0-1: Foul Ball, location: 2F 0-2: Ball 1-2: Ball 2-2: Strikes out swinging
|
| Top of the 8th over - 0 runs, 0 hits, 0 errors, 0 left on base; Auburn 3 - State College 1 |
| BOTTOM OF THE 8TH |
|
State College Spikes batting - Pitching for Auburn Doubledays : LHP Gregg Huddleston
|
|
Pitching: RHP Chris Mosley
|
|
|
Batting: SHB Hank Arias
|
0-0: Called Strike 0-1: Fly out, F9 (Flyball, 89S, EV 94.4 MPH)
|
|
Batting: RHB Richard Riggs
|
0-0: Called Strike 0-1: Foul Ball, location: 2F 0-2: Foul Ball, location: 2F 0-2: Foul Ball, location: 2F 0-2: Ball 1-2: Strikes out looking
|
|
Batting: RHB Kalidas Mishra
|
0-0: Ball 1-0: Ball 2-0: SINGLE (Flyball, 34D, EV 84.4 MPH)
|
|
Batting: LHB Travis Ruppel
|
0-0: Ball 1-0: Foul Ball, location: 2F 1-1: Ball 2-1: Ball 3-1: Called Strike 3-2: Ground out 4-3 (Groundball, 13, EV 80.6 MPH)
|
| Bottom of the 8th over - 0 runs, 1 hit, 0 errors, 1 left on base; Auburn 3 - State College 1 |
| TOP OF THE 9TH |
|
Auburn Doubledays batting - Pitching for State College Spikes : LHP Kevin Turner
|
|
Pitching: RHP Pabiyan Vetlitsky
|
|
|
Batting: RHB Bobby Bricker
|
0-0: Called Strike 0-1: Ball 1-1: Called Strike 1-2: Foul Ball, location: 2F 1-2: Foul Ball, location: 2F 1-2: Strikes out swinging
|
|
Batting: RHB Marcus Dawson
|
0-0: Foul Ball, location: 2F 0-1: Ball 1-1: Ball 2-1: Ball 3-1: Swinging Strike 3-2: Foul Ball, location: 2F 3-2: Base on Balls
|
|
Batting: LHB John Luke
|
0-0: Called Strike 0-1: DOUBLE (Line Drive, 7LM, EV 103.8 MPH) Marcus Dawson to third Runner from 3rd tries for Home, SAFE, no throw by LF
|
|
Batting: SHB Curtis DeLille
|
0-0: Ball 1-0: Swinging Strike 1-1: Ground out 4-3 (Groundball, 4S, EV 83.8 MPH) John Luke to third
|
|
Batting: RHB Gabe Almazan
|
0-0: Hit by Pitch
|
|
Batting: RHB Tony Madrigal
|
0-0: Ball Wild Pitch! John Luke scores Gabe Almazan to second 1-0: Called Strike 1-1: Ball 2-1: Ball 3-1: Ground out 5-3 (Groundball, 56, EV 85.6 MPH)
|
| Top of the 9th over - 2 runs, 1 hit, 0 errors, 1 left on base; Auburn 5 - State College 1 |
| BOTTOM OF THE 9TH |
|
State College Spikes batting - Pitching for Auburn Doubledays : RHP Chris Mosley
|
|
Batting: RHB Tommy Tracy
|
0-0: Ball 1-0: Called Strike 1-1: SINGLE (Line Drive, 89M, EV 105.0 MPH)
|
|
Batting: LHB Keith Rice
|
0-0: Ball 1-0: Foul Ball, location: 2F 1-1: Swinging Strike 1-2: Ball 2-2: SINGLE (Line Drive, 89S, EV 90.6 MPH) Tommy Tracy to second
|
|
Pitching: RHP Caleb Westbay
|
|
|
Batting: RHB Robby Hickman
|
0-0: Ball 1-0: Called Strike 1-1: Swinging Strike 1-2: Strikes out swinging
|
|
Batting: SHB Gerardo Macias
|
0-0: Called Strike 0-1: Ball 1-1: Ball 2-1: Ball 3-1: Called Strike 3-2: Strikes out looking
|
|
Batting: RHB Ben Politi
|
0-0: 3-RUN HOME RUN (Flyball, 9D, EV 93.1 MPH), Distance : 359 ft
|
|
Batting: SHB Hank Arias
|
0-0: Ball 1-0: Ball 2-0: Ball 3-0: Called Strike 3-1: Ground out 6-3 (Groundball, 6M, EV 80.0 MPH)
|
| Bottom of the 9th over - 3 runs, 3 hits, 0 errors, 0 left on base; Auburn 5 - State College 4 |
|